 Dungeon Crawl Stone Soup version 0.19-a0-1073-g541410e (webtiles) character file.

2016 Akrasiac the Basher (level 9, -8/64 HPs)
             Began as a Mummy Hunter on Aug 5, 2016.
             Engulfed by a cloud of steam (13 damage)
             ... on level 6 of the Dungeon.
             The game lasted 00:16:03 (8634 turns).

Akrasiac the Basher (Mummy Hunter)                  Turns: 8634, Time: 00:16:04

Health: -8/64      AC: 16    Str: 18    XL:     9   Next: 3%
Magic:  9/9        EV:  7    Int: 10    God:
Gold:   222        SH:  0    Dex: 13    Spells: 0 memorised, 8 levels left

rFire  x . .     SeeInvis +     a - +2 mace (protect)
rCold  + . .     Gourm    .     s - +0 chain mail
rNeg   + + +     Faith    .     (no shield)
rPois  ∞         Spirit   .     f - +1 helmet
rElec  .         Dismiss  .     (no cloak)
rCorr  .         Reflect  .     (no gloves)
SustAt .         Harm     .     y - +0 pair of boots
MR     +....                    (no amulet)
Stlth  ..........               z - ring of see invisible
                                t - ring of flight

@:
A: no food or potions, fire vulnerability, cold resistance 1, negative energy
resistance 3, torment resistance, unbreathing
a: Evoke Flight


You were on level 6 of the Dungeon.
You were not hungry.

You visited 1 branch of the dungeon, and saw 6 of its levels.
You also visited: Sewer.

You collected 222 gold pieces.

Inventory:

Hand Weapons
 a - a +2 mace of protection (weapon)
 e - a +0 whip of flaming
 g - a +0 short sword
 n - a +0 morningstar
 v - a +0 quarterstaff
Missiles
 j - 8 tomahawks (quivered)
 l - 28 poisoned needles
Armour
 f - a +1 helmet (worn)
 s - a +0 chain mail (worn)
 y - a +0 pair of boots (worn)
Jewellery
 k - an uncursed ring of ice
 t - a ring of flight (left hand)
 z - a ring of see invisible (right hand)
Wands
 b - a wand of polymorph (3/24)
Scrolls
 d - a scroll of noise {unknown}
 h - 2 scrolls of remove curse
 i - a scroll of enchant weapon {unknown}
 m - 2 scrolls of fog
 o - a scroll of immolation
 p - 2 scrolls of teleportation
 q - 3 scrolls of enchant armour {unknown}
 u - a scroll of amnesia {unknown}
 x - a scroll of vulnerability {unknown}


   Skills:
 * Level 3.5 Fighting
 - Level 8.0 Maces & Flails
 - Level 6.0 Throwing
 - Level 1.5 Dodging
 - Level 0.7 Stealth
 + Level 0.2 Evocations


You had 8 spell levels left.
You didn't know any spells.

Dungeon Overview and Level Annotations

Branches:
Dungeon (6/15)
 Temple: D:4-7

Altars:

Annotations:
D:1 exclusion: downstairs
D:3 exclusion: 2 downstairs
D:4 Guenter's ghost, amateur FoFi


Innate Abilities, Weirdness & Mutations

You do not eat or drink.
Your flesh is vulnerable to fire.
You are immune to poison.
Your flesh is cold resistant. (rC+)
You are immune to negative energy. (rN+++)
You are immune to unholy pain and torment.
You can survive without breathing.


Message History

Edmund misses you. Edmund claws you.
* * * LOW HITPOINT WARNING * * *
You thump Edmund!
Edmund is almost dead.
Edmund barely misses you. Edmund claws you but does no damage.
You closely miss Edmund.
Edmund is almost dead.
Edmund breathes steam at you. The ball of steam misses you.
You sock Edmund!
You kill Edmund!
Your Fighting skill increases to level 3!
You have reached level 9!
Your experience leads to an increase in your attributes!
Increase (S)trength, (I)ntelligence, or (D)exterity?
You feel stronger.
You are engulfed in a cloud of scalding steam.
* * * LOW HITPOINT WARNING * * *
You are engulfed in a cloud of scalding steam.
You die...

#)# #.# #)#
#.# #)# #.#
#.# #.# #)#
#.# #)# #.#
#.# #.# #.#
######.# #.#
#.§§§@.# #.#
#.###### #)#
#...# #.#
###.# #.# #.#
#.# #.# #.#
#.# #.# #.#
#.#########.#


There were no monsters in sight!

Vanquished Creatures
  Eustachio (D:3)
  A steam dragon (D:6)
  2 water moccasins
  Duvessa (D:4)
  A phantom (D:3)
  An ice beast (D:5)
  3 ogres
  A centaur (D:6)
  A big kobold (Sewer)
  Blork the orc (D:5)
  A gnoll sergeant (D:6)
  Dowan (D:4)
  3 crimson imps (D:5)
  An orc priest (D:3)
  2 orc wizards
  3 iguanas
  2 worker ants
  2 hound skeletons (D:5)
  8 gnolls
  7 adders
  A howler monkey skeleton (D:5)
  4 river rats
  2 shadow imps
  4 worms
  A dart slug (D:3)
  A giant gecko (D:2)
  14 orcs
  6 giant cockroaches
  4 goblins
  8 hobgoblins
  17 jackals
  11 kobolds
  2 quokkas
  A ball python (D:3)
  6 bats
  5 giant newts
  12 rats
142 creatures vanquished.

Notes
Turn   | Place    | Note
-------+----------+-------------------------------------------
     0 | D:1      | Akrasiac the Mummy Hunter began the quest for the Orb.
     0 | D:1      | Reached XP level 1. HP: 16/16 MP: 1/1
   278 | D:1      | Reached XP level 2. HP: 22/22 MP: 2/2
  1272 | D:2      | Reached XP level 3. HP: 14/27 MP: 3/3
  2381 | D:2      | Reached XP level 4. HP: 27/33 MP: 4/4
  2763 | D:3      | Reached skill level 5 in Throwing
  2926 | D:3      | Reached XP level 5. HP: 34/38 MP: 5/5
  2951 | D:3      | Found a glowing drain.
  2973 | Sewer    | Entered a sewer
  3314 | Sewer    | Found a white marble altar of Elyvilon.
  3474 | D:3      | Reached XP level 6. HP: 2/44 MP: 6/6
  4065 | D:3      | Reached skill level 1 in Maces & Flails
  4093 | D:3      | Reached skill level 2 in Maces & Flails
  4601 | D:4      | Noticed Duvessa
  4602 | D:4      | Noticed Dowan
  4626 | D:4      | Killed Duvessa
  4626 | D:4      | Reached skill level 3 in Maces & Flails
  4626 | D:4      | Reached XP level 7. HP: 40/50 MP: 7/7
  5133 | D:4      | Killed Dowan
  5133 | D:4      | Reached skill level 4 in Maces & Flails
  5531 | D:4      | Noticed Guenter's ghost (amateur FoFi)
  5696 | D:5      | Entered Level 5 of the Dungeon
  5696 | D:5      | Noticed Eustachio
  5696 | D:5      | Noticed Blork the orc
  5903 | D:3      | Killed Eustachio
  5903 | D:3      | Reached skill level 5 in Maces & Flails
  6817 | D:5      | Reached XP level 8. HP: 56/56 MP: 8/8
  7167 | D:5      | Reached skill level 6 in Maces & Flails
  7479 | D:5      | Killed Blork the orc
  7479 | D:5      | Reached skill level 7 in Maces & Flails
  8500 | D:6      | Reached skill level 8 in Maces & Flails
  8560 | D:6      | Noticed Edmund
  8563 | D:6      | Noticed Edmund
  8563 | D:6      | Edmund changed into Edmund the steam dragon
  8633 | D:6      | Killed Edmund the steam dragon
  8633 | D:6      | Reached XP level 9. HP: 8/64 MP: 9/9
  8634 | D:6      | Engulfed by a cloud of steam

Vault maps used:
D:1:      sevenhm_arrival_forest_fort_small_4, glass_columns_a, st_stairs_1,
          serial_bayou_ford_a
D:3:      portal_sewer_entry_b
D:4:      uniq_menkaure, uniq_duvessa
D:5:      first_bread, uniq_eustachio, uniq_blork_the_orc
D:6:      serial_shops, kennysheep_mini, kennysheep_little_box, shop_fountains,
          uniq_edmund
Sewer:    sewer_kobolds

Skill      XL: |  1  2  3  4  5  6  7  8 |
---------------+-------------------------+-----
Throwing       | 4 5 6 |  6.0
Maces & Flails | 3 5 8 |  8.0
Fighting       | 3 |  3.5
Dodging        | |  1.5
Stealth        | |  0.7
Evocations     | |  0.2

Action                   |  1- 3 |  4- 6 |  7- 9 || total
-------------------------+-------+-------+-------++-------
Melee: Short sword       |   159 |       |       ||   159
       Whip              |       |    50 |       ||    50
       Mace              |       |   165 |   312 ||   477
Throw: Tomahawk          |    15 |    17 |    21 ||    53
       Javelin           |       |    17 |    28 ||    45
       Throwing net      |       |     1 |     1 ||     2
Evoke: Wand              |       |       |     2 ||     2
  Use: Scroll            |       |     5 |     2 ||     7
 Stab: Sleeping          |     3 |       |       ||     3
       Distracted        |       |       |     1 ||     1
Armor: Leather armour    |    36 |       |       ||    36
       Ring mail         |    22 |    44 |       ||    66
       Chain mail        |       |   119 |   237 ||   356
Dodge: Dodged            |    94 |   119 |   128 ||   341
